Map: Ley Lines

Players

Imhotep

  • Race: Zerg Zerg
  • Spawn Location: 1:00

A.I. 1 (Medium) - Winner!

  • Race: Terran Terran
  • Spawn Location: 7:00

VOD

Have the link to the VOD?

Description

Time

  • Played on: May 31, 2025, 7:08 a.m.
  • Length: 10:59
Show
View Real Time Build Order
Export as new Build Order

Imhotep Zerg 

Build Orders: Pool First 

Get SALT Encoding   

  12  0:01  Drone  
  13  0:41  Overlord  
  13  0:42  Drone  
  14  1:07  Drone  
  14  1:08  Drone  
  14  1:09  Drone  
  17  1:16  Spawning Pool  
  16  1:33  Hatchery  
  15  1:54  Drone  
  16  2:01  Drone  
  16  2:03  Drone  
  18  2:14  Drone  
  19  2:18  Overlord  
  19  2:29  Drone  
  20  2:48  Drone  
  21  2:53  Queen  
  21  2:54  Queen  
  25  2:58  Drone  
  25  2:59  Drone  
  25  3:00  Zergling x2  
  28  3:34  Zergling x4  
  30  3:48  Spine Crawler  
  29  3:51  Spine Crawler  
  28  4:16  Queen  
  30  4:17  Queen  
  30  4:20  Overlord x2  
  30  4:22  Zergling x8  
  36  4:47  Overlord x2  
  36  4:48  Zergling x2  
  36  4:49  Zergling x10  
  42  6:26  Overlord  
  42  6:27  Overlord  
  42  6:29  Zergling x16  
  37  7:33  Queen  
  37  7:34  Queen  
  41  8:22  Zergling x2  
  41  8:23  Zergling x18  
  51  8:50  Overlord x2  
  51  8:52  Zergling x8  
  51  8:53  Zergling x6  
Show
View Real Time Build Order
Export as new Build Order

A.I. 1 (Medium) Terran - Winner!

Build Orders: 2 Factory 

Get SALT Encoding   

  12  0:00  SCV  
  13  0:13  SCV  
  14  0:18  Supply Depot  
  14  0:25  SCV  
  15  0:40  SCV  
  16  0:44  Barracks  
  16  0:52  SCV  
  17  1:04  SCV  
  18  1:19  Command Center  
  18  1:32  Marine  
  19  1:34  Orbital Command  
  19  1:38  Supply Depot  
  19  1:47  Refinery  
  19  1:49  Marine  
  20  1:59  SCV  
  21  2:02  Barracks  
  21  2:09  Refinery  
  21  2:12  SCV  
  22  2:20  Marine  
  23  2:24  SCV  
  23  2:27  Supply Depot  
  24  2:37  SCV  
  25  2:38  Barracks Tech Lab  
  25  2:49  Marine  
  25  2:50  SCV  
  27  2:53  SCV  
  27  2:58  Refinery  
  28  3:06  Marine  
  28  3:08  Barracks Tech Lab  
  29  3:14  Factory  
  29  3:20  SCV, Refinery  
  29  3:24  Marauder  
  32  3:27  Factory  
  32  3:41  Marauder  
  34  3:42  SCV  
  34  3:45  SCV  
  36  3:54  SCV  
  37  3:57  Factory Tech Lab  
  37  3:58  SCV, Reaper  
  39  4:06  SCV  
  40  4:10  SCV  
  40  4:12  Factory Tech Lab  
  40  4:15  Marine  
  42  4:17  Supply Depot  
  42  4:19  SCV  
  42  4:22  SCV  
  44  4:31  SCV  
  44  4:32  Widow Mine  
  47  4:39  SCV  
  47  4:43  SCV  
  47  4:44  Supply Depot  
  49  4:49  Marine  
  49  4:51  SCV  
  51  4:55  SCV  
  52  5:03  SCV  
  52  5:06  Marine  
  54  5:08  SCV  
  54  5:10  Supply Depot  
  55  5:15  SCV  
  55  5:20  SCV  
  57  5:24  Marauder  
  60  5:28  SCV  
  60  5:32  SCV  
  60  5:33  Engineering Bay  
  61  5:38  Starport  
  61  5:41  SCV, Reaper  
  61  5:42  Supply Depot  
  63  5:44  SCV  
  64  5:53  SCV  
  65  5:58  Siege Tank  
  65  6:00  Missile Turret  
  65  6:01  Missile Turret  
  65  6:02  Missile Turret  
  65  6:03  Missile Turret, SCV  
  69  6:07  Supply Depot, SCV  
  70  6:15  SCV, Widow Mine  
  70  6:17  Sensor Tower  
  73  6:20  SCV  
  74  6:26  Bunker, Starport Tech Lab  
  74  6:28  SCV, Bunker  
  74  6:31  Armory  
  74  6:32  Siege Tank  
  78  6:33  Supply Depot, SCV  
  79  6:40  SCV  
  79  6:43  Barracks  
  79  6:44  Raven  
  82  7:01  Marine  
  80  7:18  Marine, Raven  
  83  7:30  Barracks Reactor  
  83  7:35  Marine  
  84  7:52  Viking  
  86  9:21  Command Center  
  86  9:25  Marine  
  80  9:43  Marauder  
  82  9:59  Marine  
  83  10:16  Marine  
  84  10:21  Medivac  
  84  10:23  Supply Depot, Reaper  
  87  10:29  Starport  
  87  10:30  Marine  
  87  10:31  Ghost Academy  
  87  10:33  Fusion Core  
  86  10:36  Marine  
  86  10:38  Engineering Bay  
  86  10:42  Armory  
  85  10:44  Refinery  
  87  10:55  Missile Turret  
Tags
 
Add a new tag
Caveats
  • Supply blocks, unpowered buildings, or Contaminate may cause inaccurate times.
  • Supply counts are checked every 10 seconds.